 Dungeon Crawl Stone Soup version 0.26-a0-808-g930a2b7adc (webtiles) character file.

Game seed: 5366744979845556534

54 ANON1729 the Slasher (level 3, 0/26 HPs)
             Began as an Octopode Chaos Knight on Nov 12, 2020.
             Was a Plaything of Xom.
             Slain by a worm (10 damage)
             ... on level 2 of the Dungeon.
             The game lasted 00:00:51 (1206 turns).

ANON1729 the Slasher (Octopode Chaos Knight)        Turns: 1206, Time: 00:00:51

Health: 0/26       AC:  1    Str: 12    XL:     3   Next: 91%
Magic:  3/3        EV: 14    Int: 14    God:    Xom [..*...]
Gold:   35         SH:  0    Dex: 11    Spells: 2/2 levels left

rFire    . . .     SeeInvis .   a - +0 falchion (chaos)
rCold    . . .     Faith    .   (no shield)
rNeg     . . .     Spirit   .   (helmet restricted)
rPois    .         Reflect  .   (no amulet)
rElec    .         Harm     .   (no ring)
rCorr    .         Rampage  .   (no ring)
MR       .....                  (no ring)
Stlth    ++........             (no ring)
HPRegen  0.08/turn              (no ring)
MPRegen  0.08/turn              (no ring)
                                (no ring)
                                (no ring)

@: no status effects
A: almost no armour, stealthy swim, amphibious, 8 rings, constrict 8, camouflage
1, gelatinous body 1
a: Renounce Religion


You were on level 2 of the Dungeon.
You worshipped Xom.
You were a toy of Xom.
You visited 1 branch of the dungeon, and saw 2 of its levels.

You collected 35 gold pieces.

Inventory:

Hand Weapons
 a - a +0 falchion of chaos (weapon)
Scrolls
 b - 2 scrolls of identify {unknown}
 e - 2 scrolls of remove curse {unknown}
 h - a scroll of enchant armour {unknown}
Potions
 c - a potion of lignification {unknown}
 d - 3 potions of brilliance {unknown}
 f - a potion of curing {unknown}
 g - a potion of flight {unknown}
 i - 2 potions of berserk rage {unknown}
 j - a potion of ambrosia {unknown}
 k - a potion of might {unknown}


   Skills:
 + Level 3.6 Fighting
 + Level 3.6 Long Blades
 + Level 3.1 Dodging


You had 2 spell levels left.
You didn't know any spells.
Your spell library was empty.

Dungeon Overview and Level Annotations

Branches:
Dungeon (2/15)

Altars:


Innate Abilities, Weirdness & Mutations

You cannot wear most types of armour.
You are very stealthy in the water. (Stealth+)
You are amphibious.
You can wear up to eight rings at the same time.
You can use your tentacles to constrict eight enemies at once.
Your skin changes colour to match your surroundings (Stealth+).
Your rubbery body absorbs attacks. (AC +1, EV +1)


Message History

You are no longer poisoned.
The bat barely misses you.
You see here a scroll labelled VOT CONGUOM.
The bat closely misses you.
Found an escape hatch in the ceiling.
The bat closely misses you.
A frilled lizard comes into view.
The frilled lizard hisses angrily.
The bat barely misses you.
Found a leather armour.
The bat barely misses you.
Found a hand axe.
The bat barely misses you.
You riposte.
You hit the bat.
You kill the bat!
Found 4 gold pieces.
You see here a bat corpse.
You barely miss the worm. Your grab misses the worm.
The kobold closely misses you. The worm bites you!
You die... "What!?
That's it?"

....... .#
.......
<...####..[....
...............
....###........
. #...†####.##
.###...l# ....#
.......K#....!#
.......@#.....#
(......w.>....#
....##..#######
#..# #).# ...
#..# #.#...#..#
###.#...#..#
...#...#..# .
#####
..#.#.#..# .#


You could see a worm, a kobold and a frilled lizard.

Vanquished Creatures
  2 adders (D:2)
  A gnoll (D:1)
  An ooze (D:1)
  A leopard gecko (D:2)
  5 bats
  A giant cockroach (D:1)
  A goblin (D:1)
  2 hobgoblins
  3 jackals (D:1)
  A frilled lizard (D:1)
  2 kobolds (D:1)
  3 rats (D:1)
23 creatures vanquished.

Notes
Turn   | Place    | Note
-------+----------+-------------------------------------------
     0 | D:1      | ANON1729 the Octopode Chaos Knight began the quest for the
                  | Orb.
     0 | D:1      | Reached XP level 1. HP: 16/16 MP: 1/1
    86 | D:1      | XOM: smoke on damage
    91 | D:1      | Reached XP level 2. HP: 8/21 MP: 2/2
   306 | D:1      | XOM: cast spell 'Summon Small Mammal'
   451 | D:1      | XOM: 1-stop teleportation journey
   576 | D:1      | XOM: 1-stop teleportation journey
   657 | D:1      | XOM: silly message
   861 | D:1      | Reached XP level 3. HP: 23/26 MP: 3/3
  1076 | D:2      | XOM: silly message
  1206 | D:2      | Slain by a worm

Illustrated notes

Levels and vault maps discovered:
D:1:      dpeg_arrival_central, layout_basic, minmay_misc_feat_hallway,
          minmay_misc_feat_cross, serial_bayou_lagoon_b
D:2:      layout_basic, chequers_serial_rivers_micro_b, grunt_ministairs_13

Skill      XL: |  1  2  3 |
---------------+----------+-----
Dodging        | 3 |  3.1
Fighting       | |  3.6
Long Blades    | |  3.6

Action                   || total
-------------------------++-------
Melee: Falchion          ||    44
       Constrict         ||    12
       Tentacles         ||     6
 Stab: Sleeping          ||     5
       Paralysed         ||     1
Armor: Skin              ||     5
Dodge: Dodged            ||    43
       Rpst.: Falchion   ||     9

Table legend: (Time is in decaauts)
 A = Elapsed time spent in this place.
 B = Non-inter-level travel time spent in this place.
 C = Inter-level travel time spent in this place.
 D = Time resting spent in this place.
 E = Time spent auto-exploring this place.
 F = Levels seen in this place.
 G = Mean time per level.
                   A        B        C        D        E       F      G
               +--------+--------+--------+--------+--------+-----+--------+
         Total |   1212 |   1196 |     16 |    174 |    855 |   2 |  606.0 |
       Dungeon |   1212 |   1196 |     16 |    174 |    855 |   2 |  606.0 |
               +--------+--------+--------+--------+--------+-----+--------+

Top non-repeatable levels by time:
     D:1: 1077 daAuts
     D:2: 135 daAuts
